 Dungeon Crawl Stone Soup version 0.26-a0-859-gf57989e088 (webtiles) character file.

Game seed: 2116274675424895453

26644 Peloso the Blocker (level 13, -11/116 HPs)
             Began as a Minotaur Fighter on Nov 25, 2020.
             Mangled by an ettin
             ... wielding a +0 dire flail
              (39 damage)
             ... on level 2 of the Orcish Mines.
             The game lasted 00:43:34 (15804 turns).

Peloso the Blocker (Minotaur Fighter)              Turns: 15804, Time: 00:43:34

Health: -11/116    AC: 14    Str: 31    XL:     13   Next: 0%
Magic:  12/12      EV: 11    Int:  5    God:
Gold:   1137       SH: 14    Dex: 11    Spells: 12/12 levels left

rFire    . . .     SeeInvis +   b - +2 long sword (flame)
rCold    . . .     Faith    .   c - +0 kite shield
rNeg     . . .     Spirit   .   N - +0 chain mail {rPois}
rPois    +         Reflect  .   (helmet restricted)
rElec    .         Harm     .   x - +0 cloak
rCorr    .         Rampage  .   (no gloves)
MR       .....                  G - +0 pair of boots
Stlth    ..........             C - amulet of regeneration
HPRegen  0.69/turn              E - ring of see invisible
MPRegen  0.13/turn              t - +6 ring of strength

@: no status effects
A: retaliatory headbutt, horns 2
a: no special abilities


You were on level 2 of the Orcish Mines.
You visited 4 branches of the dungeon, and saw 17 of its levels.

You collected 1200 gold pieces.
You spent 63 gold pieces at shops.

Inventory:

Hand Weapons
 a - a +4 scimitar of freezing
 b - a +2 long sword of flaming (weapon)
Armour
 c - a +0 kite shield (worn)
 x - a +0 cloak (worn)
 G - a +0 pair of boots (worn)
 N - a +0 chain mail of poison resistance (worn)
Jewellery
 h - an uncursed ring of resist corrosion
 l - an uncursed amulet of magic regeneration
 s - a cursed ring of attention {unknown}
 t - a +6 ring of strength (right hand)
 C - an amulet of regeneration (around neck)
 E - a ring of see invisible (left hand)
 I - an uncursed ring of ice
Wands
 y - a wand of iceblast (13)
 z - a wand of random effects (16)
 K - a wand of acid (13)
 M - a wand of flame (62)
 P - a wand of disintegration (20)
Scrolls
 e - a scroll of remove curse
 g - 5 scrolls of identify
 i - 4 scrolls of enchant armour
 j - 8 scrolls of teleportation
 k - 2 scrolls of blinking
 n - 4 scrolls of amnesia
 v - 2 scrolls of noise
 w - a scroll of holy word
 B - 3 scrolls of immolation {unknown}
 F - 3 scrolls of fear {unknown}
 J - 2 scrolls of enchant weapon {unknown}
 L - a scroll of magic mapping {unknown}
 O - a scroll of summoning {unknown}
Potions
 d - a potion of might
 f - a potion of haste
 m - 8 potions of ambrosia
 o - 2 potions of cancellation
 p - 5 potions of curing
 q - 4 potions of mutation
 r - 2 potions of brilliance
 u - 2 potions of resistance {unknown}
 A - 3 potions of heal wounds
 D - a potion of berserk rage
 H - 3 potions of flight {unknown}


   Skills:
 + Level 11.3 Fighting
 + Level 3.0(9.2) Short Blades
 + Level 14.1(14.3) Long Blades
 + Level 10.6 Armour
 + Level 5.9 Dodging
 + Level 1.7 Stealth
 + Level 14.4 Shields
 + Level 0.4 Evocations


You had 12 spell levels left.
You didn't know any spells.
Your spell library contained the following spells:

 Spells                   Type           Power        Failure   Level
 Freeze                   Ice            #...         91%         1
 Magic Dart               Conj           #...         91%         1
 Blink                    Tloc           N/A          97%         2
 Call Imp                 Summ           #.......     97%         2
 Slow                     Hex            #.......     97%         2
 Conjure Flame            Conj/Fire      #.......     99%         3
 Frozen Ramparts          Ice            #.....       99%         3
 Mephitic Cloud           Conj/Pois/Air  #.......     99%         3
 Ozocubu's Armour         Ice            #.......     99%         3
 Teleport Other           Tloc           #.......     99%         3
 Hailstorm                Conj/Ice       #.......     100%        4
 Passage of Golubria      Tloc           N/A          100%        4
 Summon Ice Beast         Ice/Summ       #.......     100%        4
 Agony                    Necr           #.......     100%        5
 Bolt of Magma            Conj/Fire/Erth #.........   100%        5
 Iskenderun's Battlesphe  Conj           #.......     100%        5
 Dispersal                Tloc           #.........   100%        6
 Iron Shot                Conj/Erth      #.........   100%        6
 Orb of Destruction       Conj           #.........   100%        7
 Spellforged Servitor     Conj/Summ      #.........   100%        7


Dungeon Overview and Level Annotations

Branches:
Dungeon (12/15)            Temple (1/1) D:5            Lair (2/6) D:9
    Orc (2/2) D:11            Elf (0/3) Orc:2
  Swamp: Lair:2-4    Shoals: Lair:2-4     Snake: Lair:2-4    Spider: Lair:2-4

Altars:
Ashenzari
Cheibriados
Dithmenos
Elyvilon
Fedhas
Gozag
Hepliaklqana
Kikubaaqudgha
Makhleb
Nemelex Xobeh
Okawaru
Qazlal
Ru
Sif Muna
Trog
Uskayaw
Vehumet
Wu Jian
Xom
Yredelemnul
Zin
The Shining One

Shops:
D:2 *   D:5 ?   D:6 ?   D:11 (

Annotations:
D:6 Acquirement
D:10 1 runed translucent door, kuniqs's ghost, journeyman MiGl
Lair:2 3 runed translucent doors, Fudan's ghost, journeyman OpFi


Innate Abilities, Weirdness & Mutations

You reflexively headbutt those who attack you in melee.
You have a pair of horns on your head.


Message History

An ogre comes into view. It is wielding a +0 giant spiked club.
You slash the ettin! You burn the ettin.
The ettin is moderately wounded.
You block the ettin's attack. x2
You slash the ettin! You burn the ettin. You headbutt the ettin!
The ettin is heavily wounded.
The ettin hits you with a +0 dire flail!
The ettin hits you with a +0 dire flail!!
You hit the ettin but do no damage.
The ettin is heavily wounded.
You hit the ettin. You burn the ettin. You headbutt the ettin.
The ettin is severely wounded.
The ettin hits you with a +0 dire flail.
The ettin misses you.
You hit the ettin. You burn the ettin.
The ettin is severely wounded.
The ettin hits you with a +0 dire flail!
* * * LOW HITPOINT WARNING * * *
The ettin hits you with a +0 dire flail!!!
You die...

................##
.........$.......#
................##
.................#
.................#
.................#
.................#
...O..C@.$.......#
.................#
.................#
.................#
.................#
.................#
.................#
.................#
## .............#


You could see an ettin and an ogre.

Vanquished Creatures
  A hydra (D:12)
  3 cyclopes (D:12)
  5 black mambas (Lair:2)
  Maurice (D:11)
  3 gargoyles
  Maggie (D:9)
  3 centaur skeletons
  A rime drake (Lair:2)
  6 komodo dragons
  4 trolls
  A polar bear (Lair:2)
  A queen bee (Lair:2)
  3 slime creatures (D:12)
  Grinder (D:6)
  Prince Ribbit (D:9)
  10 blink frogs
  A shadow (D:12)
  18 yaks
  2 wyverns (D:12)
  Grum (D:8)
  A steam dragon (D:8)
  A warg (Orc:2)
  6 vampire mosquitoes (D:12)
  9 water moccasins
  10 orc warriors
  A phantom (D:11)
  5 sky beasts
  3 ice beasts
  9 centaurs
  2 eyes of draining
  A necrophage (D:12)
  10 wolves
  8 ogres
  2 big kobolds
  A gnoll sergeant (D:5)
  12 bullfrogs
  4 scorpions
  29 killer bees
  14 wights
  2 howler monkeys
  An electric eel (Lair:2)
  A bullfrog zombie (D:12)
  2 centaur zombies
  A quasit (D:7)
  13 hounds
  2 jellies
  A gnoll shaman (Temple)
  9 orc priests
  Crazy Yiuf (D:4)
  A bullfrog skeleton (D:6)
  2 iguanas
  17 orc wizards
  9 hell rats (Lair:1)
  10 worker ants
  A hound zombie (D:5)
  3 hound skeletons
  14 gnolls
  2 howler monkey skeletons
  18 adders
  12 river rats (Lair:1)
  A shadow imp (D:8)
  3 white imps
  5 ufetubi
  3 oozes
  An adder zombie (D:6)
  4 worms
  A dart slug (D:4)
  9 leopard geckos
  62 orcs
  7 giant cockroaches
  5 goblins
  11 hobgoblins
  11 jackals
  31 kobolds
  10 quokkas
  11 bats
  7 frilled lizards
  A quokka zombie (D:7)
  19 rats
519 creatures vanquished.

Vanquished Creatures (others)
  A goblin (D:3)
  3 fungi
  73 plants
77 creatures vanquished.

Grand Total: 596 creatures vanquished

Notes
Turn   | Place    | Note
-------+----------+-------------------------------------------
     0 | D:1      | Peloso the Minotaur Fighter began the quest for the Orb.
     0 | D:1      | Reached XP level 1. HP: 19/19 MP: 0/0
   312 | D:1      | Reached XP level 2. HP: 27/27 MP: 1/1
   632 | D:1      | Reached XP level 3. HP: 32/33 MP: 2/2
  1696 | D:2      | Reached XP level 4. HP: 35/40 MP: 3/3
  1762 | D:2      | Found Gozag's Platinum Reserve.
  1763 | D:2      | Found an opulent altar of Gozag.
  1939 | D:2      | Found a basalt altar of Yredelemnul.
  1942 | D:2      | Found a burning altar of Makhleb.
  1945 | D:2      | Found a shimmering altar of Xom.
  2576 | D:3      | Found a snail-covered altar of Cheibriados.
  2621 | D:3      | Reached skill level 5 in Armour
  2621 | D:3      | Reached XP level 5. HP: 18/46 MP: 4/4
  3302 | D:4      | Reached skill level 5 in Shields
  3304 | D:4      | Noticed a +0 hand axe
  3304 | D:4      | Noticed a +0 hand axe
  3377 | D:4      | Found a hide-covered altar of Uskayaw.
  3459 | D:4      | Found a sacrificial altar of Ru.
  3701 | D:4      | Reached XP level 6. HP: 52/53 MP: 5/5
  3844 | D:4      | Found a white marble altar of Elyvilon.
  4053 | D:5      | Entered Level 5 of the Dungeon
  4053 | D:5      | Found a staircase to the Ecumenical Temple.
  4080 | D:5      | Noticed an ice beast
  4089 | Temple   | Entered the Ecumenical Temple
  4100 | Temple   | Reached skill level 1 in Dodging
  4227 | Temple   | Killed an ice beast
  4228 | Temple   | Reached skill level 5 in Long Blades
  4328 | Temple   | Reached XP level 7. HP: 40/60 MP: 6/6
  4464 | Temple   | Reached skill level 5 in Fighting
  4868 | D:5      | Found Ziuvekhlo's Magic Scroll Emporium.
  4889 | D:5      | Bought a scroll of remove curse for 39 gold pieces
  4889 | D:5      | Bought a scroll of noise for 13 gold pieces
  5088 | D:5      | Reached XP level 8. HP: 69/69 MP: 7/7
  5652 | D:4      | Found a runed translucent door.
  5653 | D:4      | Noticed Crazy Yiuf
  5980 | D:4      | Killed Crazy Yiuf
  6245 | D:6      | Found Buppo's Magic Scroll Boutique.
  6249 | D:6      | Bought a scroll of random uselessness for 11 gold pieces
  6295 | D:6      | Found a burning altar of Makhleb.
  6442 | D:6      | Noticed Grinder
  6456 | D:6      | Killed Grinder
  6600 | D:6      | Reached XP level 9. HP: 67/75 MP: 8/8
  7230 | D:7      | Found an iron altar of Okawaru.
  7869 | D:7      | Got a bloodstained dagger
  7882 | D:7      | Identified the +8 dagger "Yvvid" {vorpal, +Fly rPois Str-3}
                  | (You found it on level 7 of the Dungeon)
  8111 | D:8      | Reached skill level 1 in Short Blades
  8111 | D:8      | Reached skill level 1 in Stealth
  8219 | D:8      | Found a hazy altar of Hepliaklqana.
  8289 | D:8      | Got a crystal war axe
  8290 | D:8      | Identified the cursed +1 war axe of Pael {venom, Int+5}
                  | (You found it on level 8 of the Dungeon)
  8396 | D:8      | Found a glowing silver altar of Zin.
  8396 | D:8      | Noticed Grum
  8405 | D:8      | Reached skill level 10 in Long Blades
  8414 | D:8      | Killed Grum
  8415 | D:8      | Reached XP level 10. HP: 34/86 MP: 9/9
  8786 | D:9      | Noticed Prince Ribbit
  8921 | D:9      | Reached skill level 10 in Shields
  9157 | D:9      | Noticed Maggie
  9175 | D:9      | Killed Maggie
  9193 | D:9      | Killed Prince Ribbit
  9200 | D:9      | Found a staircase to the Lair.
  9519 | D:9      | Identified the Catalogue of Spatial Evil
  9696 | D:9      | Reached XP level 11. HP: 86/95 MP: 10/10
 10436 | D:10     | Entered Level 10 of the Dungeon
 10596 | D:10     | You fall into a shaft and drop 2 floors!
 10689 | D:12     | Reached skill level 5 in Dodging
 10887 | D:12     | Noticed a seven-headed hydra
 10992 | D:11     | Found Maolisa's Antique Weapon Shop.
 11117 | D:11     | Noticed Maurice
 11131 | D:11     | Killed Maurice
 11196 | D:11     | Found a staircase to the Orcish Mines.
 11800 | D:10     | Found a runed translucent door.
 11800 | D:10     | Noticed kuniqs's ghost (journeyman MiGl)
 11975 | D:12     | Killed a three-headed hydra
 12495 | D:12     | Reached skill level 10 in Fighting
 12495 | D:12     | Reached XP level 12. HP: 88/106 MP: 11/11
 12953 | D:12     | Reached skill level 10 in Armour
 13213 | Lair:1   | Entered Level 1 of the Lair of Beasts
 14033 | Lair:2   | Found a runed translucent gate.
 14033 | Lair:2   | Found a runed translucent gate.
 14033 | Lair:2   | Found a runed translucent gate.
 14033 | Lair:2   | Noticed Fudan's ghost (journeyman OpFi)
 14035 | Lair:2   | Noticed a minotaur
 14620 | Lair:2   | Found the +8 whip "Snakebite" {curare, rPois}
 15489 | Orc:1    | Entered Level 1 of the Orcish Mines
 15651 | Orc:2    | Entered Level 2 of the Orcish Mines
 15728 | Orc:2    | Found a staircase to the Elven Halls.
 15792 | Orc:2    | Reached XP level 13. HP: 116/116 MP: 12/12
 15794 | Orc:2    | Noticed an ettin
 15804 | Orc:2    | Mangled by an ettin

Illustrated notes

Levels and vault maps discovered:
D:1:      dpeg_arrival_water_fire, layout_basic
D:2:      layout_basic, nicolae_overflow_hidden_temple,
          nicolae_gozag_zags_fifth_avenue
D:3:      minmay_skewed_foursquare, layout_basic, cheibriados_altar_1
D:4:      minmay_evil_eye, layout_gridville, dancing_weapons_uskayaw,
          kennysheep_mini_moat, elyvilon_altar_1, uniq_crazy_yiuf_cottage
D:5:      layout_cave_pools, minmay_temple_entry_grid, serial_shops,
          nicolae_shop_waterfront, chequers_serial_rivers_room_b
D:6:      layout_gridville, serial_shops, nicolae_shop_stone, basic_altar,
          uniq_grinder
D:7:      layout_basic, general_overflow_altar
D:8:      layout_basic, lemuel_round_altar, zin_treasury, uniq_grum
D:9:      kennysheep_kobold_camp, layout_long_grid, erik_lair_island,
          uniq_prince_ribbit1, uniq_maggie
D:10:     layout_roguey, gammafunk_ghost_grave
D:11:     layout_irregular_city, orc_0_dummy, serial_shops,
          kennysheep_little_box, minivault_25_ag, minivault_11, uniq_maurice
D:12:     layout_gridville, wad_floor_pattern_1, minivault_19
Temple:   minmay_temple_bridge_abc
Lair:1:   lemuel_ratsnest, layout_chaotic_city
Lair:2:   minmay_guarded_unrand_snakebite, layout_cellular_growth, special_room
          [special_room_bee], maelrawn_ghost_gauntlet_escape,
          serial_bayou_shore_a
Orc:1:    layout_caves, elf_legates
Orc:2:    st_orc_ogre_mass, layout_diamond_mine, mines4_lemuel

Skill      XL: |  1  2  3  4  5  6  7  8  9 10 11 12 |
---------------+-------------------------------------+-----
Armour         | 4 5 6 7 8 9 10 | 10.6
Shields        | 4 5 6 8 9 11 12 14 | 14.4
Fighting       | 4 5 7 8 10 11 | 11.3
Long Blades    | 3 4 5 6 8 10 11 12 14 | 14.1
Dodging        | 1 2 3 4 5 |  5.9
Short Blades   | 2 3 |  3.0
Stealth        | 1 |  1.7
Evocations     | |  0.4

Action                   |  1- 3 |  4- 6 |  7- 9 | 10-12 | 13-15 || total
-------------------------+-------+-------+-------+-------+-------++-------
Melee: Long sword        |   150 |   178 |   192 |   497 |     7 ||  1024
       Headbutt          |    19 |    31 |    84 |   196 |     2 ||   332
       Dagger            |       |       |    91 |       |       ||    91
       Scimitar          |       |       |    48 |   281 |       ||   329
Evoke: Wand              |       |       |       |     5 |       ||     5
  Use: Potion            |     4 |       |       |       |       ||     4
       Scroll            |       |     4 |    10 |     3 |       ||    17
Armor: Scale mail        |   111 |    56 |   115 |   123 |       ||   405
       Chain mail        |       |    64 |    36 |   125 |     1 ||   226
Dodge: Dodged            |    75 |    63 |   137 |   308 |     1 ||   584
Block: Kite shield       |   102 |   102 |   210 |   579 |     3 ||   996
       Rpst.: Long sword |    14 |    17 |    16 |    52 |       ||    99
       Scimitar          |       |       |     5 |    27 |       ||    32

Table legend: (Time is in decaauts)
 A = Elapsed time spent in this place.
 B = Non-inter-level travel time spent in this place.
 C = Inter-level travel time spent in this place.
 D = Time resting spent in this place.
 E = Time spent auto-exploring this place.
 F = Levels seen in this place.
 G = Mean time per level.
                   A        B        C        D        E       F      G
               +--------+--------+--------+--------+--------+-----+--------+
         Total |  15773 |  14723 |   1050 |    983 |   9651 |  17 |  927.8 |
       Dungeon |  12675 |  11704 |    971 |    500 |   7913 |  12 | 1056.2 |
        Temple |    649 |    649 |      0 |    483 |      0 |   1 |  649.0 |
          Lair |   2147 |   2068 |     79 |      0 |   1541 |   2 | 1073.5 |
  Orcish Mines |    301 |    301 |      0 |      0 |    196 |   2 |  150.5 |
               +--------+--------+--------+--------+--------+-----+--------+

Top non-repeatable levels by time:
     D:4: 1607 daAuts
    D:12: 1365 daAuts
  Lair:2: 1348 daAuts
     D:3: 1287 daAuts
     D:9: 1259 daAuts
     D:1: 1249 daAuts
     D:6: 1012 daAuts
     D:8: 977 daAuts
     D:7: 951 daAuts
     D:2: 894 daAuts
  Lair:1: 799 daAuts
    D:11: 776 daAuts
     D:5: 754 daAuts
  Temple: 649 daAuts
    D:10: 539 daAuts
